 Dungeon Crawl Stone Soup version 0.21-a0-352-g5b8f553 (webtiles) character file.

223 tof the Chopper (level 5, 0/47 HPs)
             Began as a Minotaur Monk on Oct 11, 2017.
             Was a Believer of Okawaru.
             Slain by Pikel
             ... wielding a +0 whip of flaming
              (4 damage)
             ... on level 3 of the Dungeon.
             The game lasted 00:04:23 (2804 turns).

tof the Chopper (Minotaur Monk)                     Turns: 2804, Time: 00:04:23

Health: 0/47       AC: 11    Str: 20    XL:     5   Next: 66%
Magic:  4/4        EV:  6    Int:  7    God:    Okawaru [**....]
Gold:   195        SH:  9    Dex: 13    Spells: 4/4 levels left

rFire    . . .     SeeInvis .   a - +0 hand axe
rCold    . . .     Gourm    .   s - +2 shield
rNeg     . . .     Faith    .   j - +0 chain mail
rPois    .         Spirit   .   (helmet restricted)
rElec    .         Reflect  .   (no cloak)
rCorr    .         Harm     .   l - +0 pair of gloves
MR       .....                  b - +0 pair of boots
Stlth    ..........             (no amulet)
HPRegen  0.15/turn              e - +4 ring of strength
MPRegen  0.09/turn              (no ring)

@: no status effects
A: retaliatory headbutt, horns 2
a: Heroism, Renounce Religion


You were on level 3 of the Dungeon.
You worshipped Okawaru.
Okawaru was pleased with you.
You were very hungry.

You visited 1 branch of the dungeon, and saw 4 of its levels.

You collected 195 gold pieces.

Inventory:

Hand Weapons
 a - a +0 hand axe (weapon)
Armour
 b - a +0 pair of boots (worn)
 j - a +0 chain mail (worn)
 l - a +0 pair of gloves (worn)
 s - a +2 shield (worn)
Jewellery
 e - a +4 ring of strength (left hand)
Scrolls
 f - 4 scrolls of teleportation
Potions
 d - a potion of magic {unknown}
 g - 2 potions of mutation {unknown}
 h - 2 potions of heal wounds {unknown}
 i - a potion of brilliance {unknown}
 k - 3 potions of curing {unknown}
 n - 2 potions of lignification {unknown}
 q - a potion of ambrosia {unknown}
Comestibles
 c - 3 bread rations
 m - 2 royal jellies
 p - 4 fruits
 r - a meat ration


   Skills:
 + Level 4.4 Fighting
 * Level 5.5 Axes
 * Level 3.5 Armour
 + Level 4.1 Dodging
 - Level 1.5 Stealth


You had 4 spell levels left.
You didn't know any spells.

Dungeon Overview and Level Annotations

Branches:
Dungeon (4/15)
 Temple: D:4-7

Altars:
Ashenzari
Makhleb
Nemelex Xobeh
Okawaru
Uskayaw

Annotations:
D:3 Pikel
D:4 Ijyb


Innate Abilities, Weirdness & Mutations

You reflexively headbutt those who attack you in melee.
You have a pair of horns on your head.


Message History

You furiously retaliate!
You headbutt the slave, but do no damage.
You block Pikel's attack. The slave hits you but does no damage.
You closely miss Pikel.
Pikel is moderately wounded.
You closely miss the slave. Pikel hits you but does no damage.
You block the slave's attack.
You slash Pikel! You headbutt Pikel.
Pikel is heavily wounded.
You hit the slave. Pikel hits you but does no damage.
The slave barely misses you. Pikel hits you with a whip of flaming!
* * * LOW HITPOINT WARNING * * *
Pikel burns you.
* * * LOW HITPOINT WARNING * * *
You are feeling very hungry.
You hit Pikel. You headbutt Pikel.
Pikel is severely wounded.
You closely miss the slave. You block the slave's attack.
Pikel hits you with a whip of flaming.
You die...

#...............#
#########.......#
#.......#
#..)....#
#.......#
#.......#
#.......#
#########.......##
#@................
#pK...............
#.##########......
#.# #......
#.##########......
#.................
###########.......
#.......#.......
#.......##......


You could see Pikel and a slave.

Vanquished Creatures
  An orc wizard (D:3)
  An orc priest (D:3)
  A bullfrog skeleton (D:3)
  3 adders
  2 oozes
  2 adder skeletons
  2 worms (D:2)
  A dart slug (D:4)
  4 leopard geckos
  12 orcs (D:3)
  A ball python (D:3)
  A giant cockroach (D:2)
  14 goblins
  4 hobgoblins
  4 jackals (D:2)
  5 kobolds
  A quokka (D:2)
  7 bats
  3 frilled lizards
  3 rats
72 creatures vanquished.

Notes
Turn   | Place    | Note
-------+----------+-------------------------------------------
     0 | D:1      | tof the Minotaur Monk began the quest for the Orb.
     0 | D:1      | Reached XP level 1. HP: 19/19 MP: 0/0
   101 | D:1      | Reached skill level 1 in Armour
   101 | D:1      | Reached XP level 2. HP: 27/27 MP: 1/1
   297 | D:1      | Reached skill level 4 in Axes
   714 | D:2      | Reached XP level 3. HP: 33/33 MP: 2/2
  1788 | D:3      | Found a sparkling altar of Nemelex Xobeh.
  1853 | D:3      | Reached XP level 4. HP: 34/40 MP: 3/3
  1971 | D:3      | Reached skill level 5 in Axes
  2022 | D:3      | Reached XP level 5. HP: 10/46 MP: 4/4
  2543 | D:3      | Found a shattered altar of Ashenzari.
  2544 | D:3      | Found a hide-covered altar of Uskayaw.
  2544 | D:3      | Found an iron altar of Okawaru.
  2547 | D:3      | Found a burning altar of Makhleb.
  2556 | D:3      | Became a worshipper of Warmaster Okawaru
  2556 | D:3      | Reached * piety under Okawaru
  2556 | D:3      | Reached ** piety under Okawaru
  2779 | D:4      | Noticed a slave
  2782 | D:4      | Noticed Ijyb
  2782 | D:4      | Noticed Pikel
  2796 | D:4      | Noticed a slave
  2804 | D:3      | Slain by Pikel

Vault maps used:
D:1:      mrwooster_arrival_statue_3, st_stairs_7
D:2:      serial_park_tiny_1
D:3:      nicolae_overflow_crystal_walls,
          chequers_temple_overflow_statue_of_worship
D:4:      kennysheep_the_goblin_king, nicolae_overflow_hidden_temple,
          bloody_trog, uniq_pikel, uniq_edmund

Skill      XL: |  1  2  3  4 |
---------------+-------------+-----
Armour         | 1 2 3 |  3.5
Axes           | 4 5 |  5.5
Fighting       | 4 |  4.4
Dodging        | 4 |  4.1
Stealth        | |  1.5

Action                   |  1- 3 |  4- 6 || total
-------------------------+-------+-------++-------
Melee: Hand axe          |    83 |    72 ||   155
       Headbutt          |    17 |    21 ||    38
  Use: Scroll            |     1 |     4 ||     5
 Stab: Sleeping          |     6 |       ||     6
       Distracted        |     1 |       ||     1
  Eat: Chunk             |     3 |     2 ||     5
Armor: Robe              |    14 |     2 ||    16
       Chain mail        |       |    34 ||    34
Dodge: Dodged            |    62 |    18 ||    80
Block: Shield            |       |    47 ||    47

Table legend:
 A = Spawn XP
 B = Non-spawn XP
 C = Spawn XP percentage of total XP
 D = Spawn monster count
 E = Non-spawn monster count
 F = Spawn count percentage of total count
 G = Total turns spent on level
                    A         B        C        D         E        F      G
               +---------+---------+-------+---------+---------+-------+---------
         Total |       0 |     319 |   0.0 |       0 |      72 |   0.0 |  2804
               +---------+---------+-------+---------+---------+-------+---------
           D:1 |       0 |      24 |   0.0 |       0 |      13 |   0.0 |   542
           D:2 |       0 |      60 |   0.0 |       0 |      27 |   0.0 |  1083
           D:3 |       0 |     205 |   0.0 |       0 |      24 |   0.0 |  1153
           D:4 |       0 |      30 |   0.0 |       0 |       8 |   0.0 |    26
               +---------+---------+-------+---------+---------+-------+---------
